 Dungeon Crawl Stone Soup version 0.25-a0-100-g33052ceff8 (console) character file.

Game seed: 2053774116096205591, levelgen mode: deterministic

144 Kagalorn the Magician (level 5, 0/37 HPs)
             Began as a Gnoll Wizard on Nov 14, 2019.
             Slain by a gnoll
             ... wielding a +0 flail
              (10 damage)
             ... on level 3 of the Dungeon.
             The game lasted 00:05:17 (1865 turns).

Kagalorn the Magician (Gnoll Wizard)                Turns: 1865, Time: 00:05:17

Health: 0/37       AC:  3    Str:  9    XL:     5   Next: 26%
Magic:  2/14       EV: 14    Int: 22    God:
Gold:   86         SH:  0    Dex: 13    Spells: 9/18 levels left

rFire    . . .     SeeInvis .   n - +2 dagger (venom)
rCold    . . .     Gourm    .   (no shield)
rNeg     . . .     Faith    .   a - +0 robe
rPois    .         Spirit   .   t - +0 helmet
rElec    .         Reflect  .   (no cloak)
rCorr    .         Harm     .   (no gloves)
MR       .....                  (no boots)
Stlth    +++.......             (no amulet)
HPRegen  0.12/turn              (no ring)
MPRegen  0.14/turn              (no ring)

@: no status effects
A: distributed training, fangs 1, strong nose
a: no special abilities


You were on level 3 of the Dungeon.
You were hungry.

You visited 1 branch of the dungeon, and saw 3 of its levels.

You collected 86 gold pieces.

Inventory:

Hand Weapons
 n - a +2 dagger of venom (weapon)
Missiles
 b - 23 bolts
 e - 59 arrows
 f - 24 stones (quivered)
 k - 8 poisoned darts
 l - 14 sling bullets
Armour
 a - a +0 robe (worn)
 t - a +0 helmet (worn)
Jewellery
 c - an uncursed amulet of the acrobat {unknown}
 i - an uncursed ring of protection from magic {unknown}
 p - a +5 ring of intelligence {unknown}
 s - an uncursed ring of protection from cold {unknown}
Scrolls
 g - a scroll of noise {unknown}
 h - 3 scrolls of amnesia {unknown}
 j - a scroll of remove curse {unknown}
 m - a scroll of random uselessness {unknown}
 o - a scroll of immolation {unknown}
 q - a scroll of identify {unknown}
 u - a scroll of enchant weapon {unknown}
Comestibles
 d - 3 rations


   Skills:
 + Level 1.4 Fighting
 + Level 1.4 Short Blades
 + Level 1.4 Long Blades
 + Level 1.4 Axes
 + Level 1.4 Maces & Flails
 + Level 1.4 Polearms
 + Level 1.4 Staves
 + Level 1.4 Slings
 + Level 1.4 Bows
 + Level 1.4 Crossbows
 + Level 1.4 Throwing
 + Level 1.4 Armour
 + Level 4.7 Dodging
 + Level 4.3 Stealth
 + Level 1.4 Shields
 + Level 1.4 Unarmed Combat
 + Level 7.2 Spellcasting
 + Level 2.3 Conjurations
 + Level 1.1 Hexes
 + Level 1.1 Charms
 + Level 2.3 Summonings
 + Level 1.1 Necromancy
 + Level 2.3 Translocations
 + Level 1.1 Transmutations
 + Level 1.1 Fire Magic
 + Level 1.1 Ice Magic
 + Level 1.1 Air Magic
 + Level 1.1 Earth Magic
 + Level 1.1 Poison Magic
 + Level 1.5 Invocations
 + Level 1.4 Evocations


You had 9 spell levels left.
You knew the following spells:

 Your Spells              Type           Power        Failure   Level  Hunger
a - Magic Dart            Conj           ###.         3%          1    None
c - Conjure Flame         Conj/Fire      ###.....     12%         3    None
e - Mephitic Cloud        Conj/Pois/Air  ##......     13%         3    None
g - Blink                 Tloc           N/A          4%          2    None

Your spell library contained the following spells:

 Spells                   Type           Power        Failure   Level  Hunger
 Call Imp                 Summ           ###.....     4%          2    None
 Slow                     Hex            ##......     8%          2    None


Dungeon Overview and Level Annotations

Branches:
Dungeon (3/15)

Altars:
Okawaru
Wu Jian


Innate Abilities, Weirdness & Mutations

Your experience applies equally to all skills.
You have very sharp teeth.
Your uncanny sense of smell can sniff out nearby items.


Message History

Aim: a gnoll, wielding a +0 flail (severely wounded)
The magic dart hits the gnoll but does no damage.
The gnoll is severely wounded.
Casting: Magic Dart (safe; 3% risk of failure)
Confirm with . or Enter, or press ? or * to list all spells.
Aiming: Magic Dart (safe; 3% risk of failure)
Press: ? - help, Shift-Dir - straight line, f/p - gnoll
Aim: a gnoll, wielding a +0 flail (severely wounded)
The magic dart hits the gnoll.
The gnoll is almost dead.
The gnoll barely misses you.
Casting: Magic Dart (safe; 3% risk of failure)
Confirm with . or Enter, or press ? or * to list all spells.
Aiming: Magic Dart (safe; 3% risk of failure)
Press: ? - help, Shift-Dir - straight line, f/p - gnoll
Aim: a gnoll, wielding a +0 flail (almost dead)
The magic dart hits the gnoll.
The gnoll is almost dead.
The gnoll hits you with a +0 flail!
You die...

#. #.# #...g...# #.
#.# #...##.### #.
#.# #..g...... #.
#.# #..###.##.
#.##.###..# #.##.
#......)g.# #../.
##.#.####.# #####
####g...####... ##.
+..@)...........##..
####....#########...
#.....# #... #.#####
#... #. ##.. #. ##.
#. ## #.


You could see a gnoll.

Vanquished Creatures
  A hound (D:3)
  2 gnolls (D:3)
  4 adders
  An ooze (D:3)
  A worm (D:3)
  3 dart slugs (D:1)
  A leopard gecko (D:2)
  3 orcs (D:3)
  7 bats
  5 goblins
  4 hobgoblins
  A quokka (D:2)
  A ball python (D:1)
  8 kobolds
  9 rats
51 creatures vanquished.

Notes
Turn   | Place    | Note
-------+----------+-------------------------------------------
     0 | D:1      | Kagalorn the Gnoll Wizard began the quest for the Orb.
     0 | D:1      | Reached XP level 1. HP: 13/13 MP: 8/8
   249 | D:1      | Reached XP level 2. HP: 19/19 MP: 7/10
   835 | D:2      | Reached XP level 3. HP: 25/25 MP: 5/11
   839 | D:2      | Learned a level 2 spell: Blink
   843 | D:2      | Learned a level 3 spell: Conjure Flame
   847 | D:2      | Learned a level 3 spell: Mephitic Cloud
  1013 | D:2      | Reached skill level 1 in Invocations
  1072 | D:2      | Found an iron altar of Okawaru.
  1413 | D:3      | Reached skill level 1 in Fighting
  1413 | D:3      | Reached skill level 1 in Short Blades
  1413 | D:3      | Reached skill level 1 in Long Blades
  1413 | D:3      | Reached skill level 1 in Axes
  1413 | D:3      | Reached skill level 1 in Maces & Flails
  1413 | D:3      | Reached skill level 1 in Polearms
  1413 | D:3      | Reached skill level 1 in Staves
  1413 | D:3      | Reached skill level 1 in Slings
  1413 | D:3      | Reached skill level 1 in Bows
  1413 | D:3      | Reached skill level 1 in Crossbows
  1413 | D:3      | Reached skill level 1 in Throwing
  1413 | D:3      | Reached skill level 1 in Armour
  1413 | D:3      | Reached skill level 1 in Shields
  1413 | D:3      | Reached skill level 1 in Unarmed Combat
  1413 | D:3      | Reached skill level 1 in Evocations
  1413 | D:3      | Reached XP level 4. HP: 28/32 MP: 9/13
  1427 | D:3      | Reached skill level 1 in Hexes
  1427 | D:3      | Reached skill level 1 in Charms
  1427 | D:3      | Reached skill level 1 in Necromancy
  1427 | D:3      | Reached skill level 1 in Transmutations
  1427 | D:3      | Reached skill level 1 in Fire Magic
  1427 | D:3      | Reached skill level 1 in Ice Magic
  1427 | D:3      | Reached skill level 1 in Air Magic
  1427 | D:3      | Reached skill level 1 in Earth Magic
  1427 | D:3      | Reached skill level 1 in Poison Magic
  1549 | D:3      | Found an ornate altar of the Wu Jian Council.
  1621 | D:3      | Reached XP level 5. HP: 33/37 MP: 9/14
  1865 | D:3      | Slain by a gnoll

Levels and vault maps discovered:
D:1:      minmay_arrival_diagonal_passages, layout_loops_corners
D:2:      layout_basic, okawaru_metal_pillars_1_2, first_ration
D:3:      layout_loops_corners, lemuel_round_altar, serial_glass,
          glass_columns_b, glass_columns_c, ebering_ghost_disaster_area,
          tgw_trog, uniq_ijyb

Skill      XL: |  1  2  3  4 |
---------------+-------------+-----
Conjurations   | 2 |  2.3
Summonings     | 2 |  2.3
Translocations | 2 |  2.3
Invocations    | 1 |  1.5
Fighting       | 1 |  1.4
Short Blades   | 1 |  1.4
Long Blades    | 1 |  1.4
Axes           | 1 |  1.4
Maces & Flails | 1 |  1.4
Polearms       | 1 |  1.4
Staves         | 1 |  1.4
Slings         | 1 |  1.4
Bows           | 1 |  1.4
Crossbows      | 1 |  1.4
Throwing       | 1 |  1.4
Armour         | 1 |  1.4
Shields        | 1 |  1.4
Unarmed Combat | 1 |  1.4
Evocations     | 1 |  1.4
Hexes          | 1 |  1.1
Charms         | 1 |  1.1
Necromancy     | 1 |  1.1
Transmutations | 1 |  1.1
Fire Magic     | 1 |  1.1
Ice Magic      | 1 |  1.1
Air Magic      | 1 |  1.1
Earth Magic    | 1 |  1.1
Poison Magic   | 1 |  1.1
Dodging        | |  4.7
Stealth        | |  4.3
Spellcasting   | |  7.2

Action                   |  1- 3 |  4- 6 || total
-------------------------+-------+-------++-------
Melee: Dagger            |     5 |     2 ||     7
       Unarmed           |     1 |       ||     1
 Cast: Magic Dart        |    77 |    63 ||   140
       Conjure Flame     |       |     1 ||     1
  Eat: Chunk             |     1 |     1 ||     2
Armor: Robe              |       |     3 ||     3
Dodge: Dodged            |    16 |    26 ||    42

Table legend:
 A = Non-vault XP
 B = Vault XP
 C = Vault XP percentage of total XP
 D = Non-vault monster count
 E = Vault monster count
 F = Vault count percentage of total count
                 A         B        C        D         E       F
            +---------+---------+-------+---------+---------+-------
      Total |     206 |       0 |   0.0 |      51 |       0 |   0.0
            +---------+---------+-------+---------+---------+-------
        D:1 |      33 |       0 |   0.0 |      18 |       0 |   0.0
        D:2 |      40 |       0 |   0.0 |      21 |       0 |   0.0
        D:3 |     133 |       0 |   0.0 |      12 |       0 |   0.0
            +---------+---------+-------+---------+---------+-------
